 Dungeon Crawl Stone Soup version 0.31-a0-233-g139696dc86 (webtiles) character file.

Game seed: 12395979605994674838

179 Shard1697 the Slasher (level 5, 0/18 (41) HPs)
             Began as a Djinni Reaver on July 8, 2023.
             Slain by a river rat (5 damage)
             ... in a sewer.
             The game lasted 00:04:41 (1957 turns).

Shard1697 the Slasher (Djinni Reaver)               Turns: 1957, Time: 00:04:41

HP:   0/18 (41)     AC:  3    Str:  8 (11) XL:     5   Next: 90%
Gold: 36            EV: 12    Int: 15 (16) God:
                    SH:  0    Dex: 10 (12)

rFire   + + .        a - +0 falchion
rCold   x . .        (no shield)
rNeg    . . .        j - +0 toga "Victory" {*Victory Clar}
rPois   ∞            f - +0 helmet
rElec   .            (no cloak)
rCorr   .            (no gloves)
SInv    .            (boots unavailable)
Will    .....        (no amulet)
Stlth   +            (no ring)
HPRegen 0.23/turn    (no ring)
MPRegen 0.00/turn

%: clarity, infuse magic (-1 HP)
@: flying, studying Stealth, extremely drained
A: sickness immunity, fire resistance 2, cold vulnerability 1, float, innate
caster, HP casting, extra vitality 1
a: no special abilities


You were in a sewer.
You visited 1 branch of the dungeon, and saw 3 of its levels.
You also visited: Sewer.

You collected 36 gold pieces.

Inventory:

Hand Weapons
 a - a +0 falchion (weapon)
Armour
 f - a +0 helmet (worn)
 j - the +0 toga "Victory" (worn) {*Victory Clar}
   (You found it on level 3 of the Dungeon)

   *Victory:  When the wearer kills a threatening monster, it has a chance to
   gain +1 AC, +1 Slay, and +1 Int, capping at +7.
   When the wearer uses a scroll or a potion with a hostile monster in sight,
   its bonuses reset to +0.
   Unequipping it also resets its bonuses to +0.
   Clar:      It protects you from confusion, rage, mesmerisation and fear.
Jewellery
 d - a ring of fire
Scrolls
 h - a scroll of torment {unknown}
Potions
 e - a potion of degeneration
 g - a potion of might {unknown}
 i - a potion of mutation {unknown}


   Skills:
 + Level 3.6 Fighting
 + Level 3.9 Long Blades
 - Level 2.1 Dodging
 + Level 3.4 Spellcasting
 + Level 3.4 Conjurations
 + Level 3.4 Hexes
   Level 0.0 Charms
 + Level 3.4 Summonings
 + Level 3.4 Necromancy
 + Level 3.4 Translocations
 + Level 3.4 Transmutations
 + Level 3.4 Fire Magic
 + Level 3.4 Ice Magic
 + Level 3.4 Air Magic
 + Level 3.4 Earth Magic
 + Level 3.4 Poison Magic


You knew the following spells:

 Your Spells              Type           Power      Damage    Failure   Level
a - Kiss of Death         Conj/Necr      48%        2d9       4%          1
b - Momentum Strike       Conj/Tloc      24%        3d8       7%          2
c - Hailstorm             Conj/Ice       12%        3d5       14%         3
d - Blink                 Tloc           24%        N/A       7%          2
f - Foxfire               Conj/Fire      48%        2x1d6     4%          1
Your spell library was empty.

Dungeon Overview and Level Annotations

Branches:
Dungeon (3/15)              Sewer (1/1)

Altars:


Innate Abilities, Weirdness & Mutations

You are immune to sickness and miasma.
You are immune to poison.
Your flesh is very heat resistant. (rF++)
You are vulnerable to cold. (rC-)
You float through the air rather than walking.
You learn spells naturally, not from books.
Your magical power is your life essence.
You have superior vitality. (+4 MHP)


Message History

HP restored.
A ball python comes into view.
The ball python hisses angrily.
A river rat comes into view.
The ball python closely misses you. The ball python completely misses you.
You closely miss the ball python. The ball python closely misses you.
The ball python grabs you. The ball python constricts you.
The ball python's grasp on you weakens, but your attempt to escape fails.
The ball python closely misses you. The ball python constricts you.
The ball python barely misses you. The ball python constricts you.
You slash the ball python!
You kill the ball python!
The river rat bites you!
You hit the river rat but do no damage.
The river rat bites you but does no damage.
You feel better. The river rat closely misses you.
You hit the river rat but do no damage. The river rat barely misses you.
You closely miss the river rat.
The river rat bites you but does no damage.
You completely miss the river rat. The river rat misses you.
You closely miss the river rat. The river rat bites you.
You hit the river rat but do no damage. The river rat closely misses you.
You closely miss the river rat. The river rat closely misses you.
You hit the river rat.
The river rat is moderately wounded.
The river rat bites you!
* * * LOW HITPOINT WARNING * * *
You feel better. The river rat closely misses you.
You hit the river rat but do no damage.
The river rat is moderately wounded.
The river rat bites you but does no damage.
The river rat bites you.
* * * LOW HITPOINT WARNING * * *
You hit the river rat.
The river rat is heavily wounded.
The river rat barely misses you.
You hit the river rat but do no damage.
The river rat is heavily wounded.
The river rat bites you.
You die...

≈# #≈≈≈†≈≈# ≈#
#≈≈~≈≈≈# ≈#
#≈≈~≈≈≈# ≈ ≈#
#≈≈~≈≈≈# ≈≈ ##
#.~~~~.# ~~~ .#
#......## .... .#
##......##+##.....
.#
#.......#........
##
##......@r†......
# ##.............#
######...######
#####


You could see a river rat.

Vanquished Creatures
  Robin (D:3)
  7 adders
  4 river rats
  An ufetubus (D:3)
  A worm (D:3)
  2 bats (D:1)
  5 endoplasms
  2 giant cockroaches
  10 goblins
  8 hobgoblins
  3 quokkas
  4 ball pythons
  3 frilled lizards
  5 kobolds
  10 rats
66 creatures vanquished.

Vanquished Creatures (others)
  18 foxfires
18 creatures vanquished.

Grand Total: 84 creatures vanquished

Notes
Turn   | Place    | Note
-------+----------+-------------------------------------------
     0 | D:1      | Shard1697 the Djinni Reaver began the quest for the Orb.
     0 | D:1      | Shard1697 set off with the following spells memorised: Kiss
                  | of Death, Momentum Strike, Hailstorm.
     0 | D:1      | Reached XP level 1. HP: 18/18 MP: 0/0
   276 | D:1      | Reached XP level 2. HP: 23/23 MP: 0/0
   430 | D:1      | Reached XP level 3. HP: 22/29 MP: 0/0
   430 | D:1      | Learned a level 1 spell: Foxfire
  1238 | D:2      | Found a faded altar of an unknown god.
  1259 | D:2      | You are sucked into a shaft and drop 1 floor!
  1371 | D:3      | Reached XP level 4. HP: 20/34 MP: 0/0
  1396 | D:3      | Noticed Robin
  1406 | D:3      | Killed Robin
  1444 | D:3      | Found the +0 toga "Victory" {*Victory Clar}
  1525 | D:3      | Reached XP level 5. HP: 26/40 MP: 0/0
  1525 | D:3      | Learned a level 2 spell: Blink
  1591 | D:3      | Found a glowing drain.
  1598 | Sewer    | Entered a sewer
  1957 | Sewer    | Slain by a river rat

Illustrated notes

Levels and vault maps discovered:
D:1:      dpeg_arrival_morbid_curiosity, layout_loops_ring,
          kennysheep_decorative_pillar
D:2:      layout_loops_ring, hellmonk_ecumenical_altar_lost_god
D:3:      layout_basic, serial_forest, infiniplex_forest_lined_ring,
          infiniplex_forest_lined_2, infiniplex_forest_lined_room_,
          infiniplex_forest_straight_1, infiniplex_forest_end_3,
          infiniplex_forest_lined_1, infiniplex_forest_straight_1,
          infiniplex_forest_straight_5, infiniplex_forest_clump_C,
          lightli_sewer_entry_pipes, uniq_robin
Sewer:    sewer_minmay_w

Skill      XL: |  1  2  3  4 |
---------------+-------------+-----
Long Blades    | 3 |  3.9
Spellcasting   | 3 |  3.4
Conjurations   | 3 |  3.4
Hexes          | 3 |  3.4
Summonings     | 3 |  3.4
Necromancy     | 3 |  3.4
Translocations | 3 |  3.4
Transmutations | 3 |  3.4
Fire Magic     | 3 |  3.4
Ice Magic      | 3 |  3.4
Air Magic      | 3 |  3.4
Earth Magic    | 3 |  3.4
Poison Magic   | 3 |  3.4
Fighting       | 3 |  3.6
Dodging        | |  2.1

Action                     |  1- 3 |  4- 6 || total
---------------------------+-------+-------++-------
  Melee: Falchion          |   119 |   155 ||   274
         Punch             |     1 |     1 ||     2
   Cast: Foxfire           |     5 |     6 ||    11
         Kiss of Death     |       |     5 ||     5
    Use: Scroll            |     5 |       ||     5
         Potion            |       |     6 ||     6
   Stab: Sleeping          |       |     1 ||     1
 Armour: Leather armour    |    45 |    14 ||    59
         Robe              |       |    26 ||    26
  Dodge: Dodged            |    74 |   138 ||   212

Table legend: (Time is in decaauts)
 A = Elapsed time spent in this place.
 B = Non-inter-level travel time spent in this place.
 C = Inter-level travel time spent in this place.
 D = Time resting spent in this place.
 E = Time spent auto-exploring this place.
 F = Levels seen in this place.
 G = Mean time per level.
                   A        B        C        D        E       F      G
               +--------+--------+--------+--------+--------+-----+--------+
         Total |   1992 |   1921 |     71 |    255 |    934 |   4 |  498.0 |
       Dungeon |   1623 |   1552 |     71 |    108 |    890 |   3 |  541.0 |
         Sewer |    368 |    368 |      0 |    147 |     44 |   1 |  368.0 |
               +--------+--------+--------+--------+--------+-----+--------+

Top non-repeatable levels by time:
     D:1: 932 daAuts
   Sewer: 368 daAuts
     D:3: 350 daAuts
     D:2: 340 daAuts
